Map: 中心协议

Players

shengy

  • Race: Zerg Zerg
  • League: Platinum

eliminator - Winner!

  • Race: Zerg Zerg
  • League: Platinum

VOD

Have the link to the VOD?

Description

Time

  • Played on: Jan. 1, 2016, 3:29 p.m.
  • Length: 3:43
Show
View Real Time Build Order
Export as new Build Order

shengy Zerg 

Build Orders: Hatch First 

Get SALT Encoding   

  12  0:01  Drone  
  13  0:08  Drone  
  14  0:17  Overlord  
  14  0:35  Drone x3  
  17  0:46  Drone  
  18  0:57  Hatchery  
  18  1:02  Drone  
  18  1:08  Drone  
  18  1:09  Extractor  
  18  1:19  Spawning Pool  
  18  1:22  Drone  
  18  1:31  Drone  
  19  1:40  Overlord  
  19  1:50  Drone  
  20  2:01  Drone  
  20  2:06  Queen  
  23  2:09  Queen  
  23  2:10  Zergling x2  
  23  2:14  Drone  
  27  2:19  Drone  
  28  2:24  Drone  
  29  2:31  Zergling x2  
  29  2:34  Zergling x2  
  31  2:41  Overlord  
  32  2:51  Drone  
  32  2:52  Extractor, Roach Warren  
  32  2:54  Drone  
  32  2:55  Baneling Nest  
  30  3:05  Drone  
  30  3:06  Drone  
  30  3:08  Drone  
  33  3:14  Overlord  
  33  3:18  Drone  
  33  3:19  Drone x5  
Show
View Real Time Build Order
Export as new Build Order

eliminator Zerg - Winner!

Build Orders: Pool First 

Get SALT Encoding   

  12  0:00  Drone  
  13  0:08  Drone  
  14  0:17  Overlord  
  14  0:23  Extractor  
  14  0:24  Drone  
  15  0:36  Drone x2  
  17  0:44  Drone  
  17  0:47  Extractor  
  17  0:51  Spawning Pool  
  17  0:55  Drone  
  17  1:05  Drone  
  18  1:18  Drone  
  19  1:27  Hatchery  
  18  1:37  Queen  
  20  1:42  Overlord  
  20  1:50  Metabolic Boost  
  20  1:54  Zergling x2  
  20  1:56  Zergling x2  
  22  2:02  Zergling x2  
  23  2:11  Baneling Nest  
  23  2:12  Drone  
  23  2:21  Drone  
  24  2:37  Zergling x2  
  24  2:38  Queen  
  24  2:39  Zergling x2  
  28  2:52  Zergling x8  
  28  2:54  Zergling x2  
  33  3:09  Drone  
  33  3:10  Drone  
  35  3:21  Baneling x3  
  35  3:22  Baneling  
Tags
 
Add a new tag
Caveats
  • Supply blocks, unpowered buildings, or Contaminate may cause inaccurate times.
  • Supply counts are checked every 10 seconds.